Map: Base du roi Sejong EC

Players

RedBaron

  • Race: Zerg Zerg
  • League: Platinum

IA (très facile) - Winner!

  • Race: Protoss Protoss

VOD

Have the link to the VOD?

Description

Time

  • Played on: Aug. 29, 2016, 4:17 a.m.
  • Length: 5:09
Show
View Real Time Build Order
Export as new Build Order

RedBaron Zerg 

Build Orders: 3 Hatch before Pool 

Get SALT Encoding   

  12  0:01  Drone  
  13  0:13  Overlord  
  13  0:18  Drone  
  14  0:32  Drone x2  
  16  0:37  Drone  
  17  0:54  Hatchery  
  17  0:56  Drone  
  17  1:21  Hatchery  
  17  1:24  Drone  
  17  1:29  Drone x2, Extractor  
  18  1:43  Spawning Pool  
  17  1:47  Drone  
  18  1:54  Drone  
  19  2:08  Drone x3  
  22  2:23  Drone  
  22  2:28  Overlord  
  23  2:30  Queen  
  23  2:33  Metabolic Boost  
  25  2:37  Queen  
  27  2:46  Drone x2  
  27  2:50  Overlord  
  29  2:53  Zergling x2  
  31  2:58  Drone x3  
  33  3:06  Drone x2  
  33  3:09  Queen  
  37  3:15  Queen  
  39  3:23  Roach Warren  
  39  3:25  Extractor  
  37  3:29  Queen  
  39  3:40  Drone x4  
  43  3:43  Drone  
  43  3:46  Overlord  
  43  3:48  Overlord  
  44  4:00  Lair  
  44  4:05  Extractor  
  44  4:06  Extractor  
  44  4:09  Evolution Chamber  
  41  4:11  Evolution Chamber  
  41  4:15  Drone x4  
  41  4:16  Drone  
  44  4:31  Drone x2  
  46  4:32  Drone x2  
  46  4:33  Drone  
  46  4:34  Drone x3  
  52  4:43  Drone x2  
  54  5:05  Spire  
Show
View Real Time Build Order
Export as new Build Order

IA (très facile) Protoss - Winner!

Build Orders: 1 Gate Expand, Nexus First 

Get SALT Encoding   

  12  0:01  Probe (Chrono Boost)  
  13  0:11  Probe (Chrono Boost)  
  14  0:19  Pylon  
  14  0:42  Gateway  
  14  1:01  Nexus  
  14  1:19  Pylon  
  14  1:21  Assimilator  
  14  1:27  Zealot  
  16  1:33  Cybernetics Core  
  16  1:37  Probe (Chrono Boost)  
  17  1:48  Probe (Chrono Boost)  
  18  1:59  Probe (Chrono Boost)  
  18  2:00  Assimilator  
  19  2:08  Stalker  
  19  2:11  Probe (Chrono Boost)  
  19  2:15  Warp Gate, Probe (Chrono Boost)  
  24  2:24  Probe (Chrono Boost)  
  25  2:31  Probe (Chrono Boost)  
  25  2:36  Probe (Chrono Boost)  
  26  2:56  Probe (Chrono Boost)  
  26  2:57  Assimilator  
  27  2:58  Pylon  
  27  3:03  Probe (Chrono Boost)  
  28  3:06  Robotics Facility  
  28  3:10  Probe (Chrono Boost)  
  29  3:19  Zealot  
  29  3:20  Probe (Chrono Boost)  
  32  3:29  Probe (Chrono Boost)  
  33  3:36  Probe (Chrono Boost)  
  34  3:42  Probe (Chrono Boost)  
  35  3:49  Probe (Chrono Boost)  
  35  3:54  Observer  
  37  3:56  Probe (Chrono Boost)  
  37  4:03  Probe (Chrono Boost)  
  38  4:12  Probe (Chrono Boost)  
  38  4:14  Observer  
  40  4:18  Probe (Chrono Boost)  
  41  4:24  Assimilator  
  41  4:25  Probe (Chrono Boost)  
  41  4:30  Sentry  
  44  4:33  Probe (Chrono Boost)  
  45  4:40  Probe (Chrono Boost)  
  46  4:47  Probe (Chrono Boost)  
  46  4:49  Pylon  
  47  4:53  Probe (Chrono Boost)  
Tags
 
Add a new tag
Caveats
  • Supply blocks, unpowered buildings, or Contaminate may cause inaccurate times.
  • Supply counts are checked every 10 seconds.